Map: Ever Dream LE

Players

FeEbLeNFraiL - Winner!

  • Race: Zerg Zerg
  • League: Master
  • Spawn Location: 1:00

kenshin

  • Race: Protoss Protoss
  • League: Diamond
  • Spawn Location: 7:00

VOD

Have the link to the VOD?

Description

Time

  • Played on: Sept. 10, 2020, 9:26 p.m.
  • Length: 4:33
Show
View Real Time Build Order
Export as new Build Order

FeEbLeNFraiL Zerg - Winner!

Build Orders: Hatch First, Zergling Baneling 

Get SALT Encoding   

  12  0:01  Drone  
  13  0:13  Overlord  
  13  0:18  Drone  
  14  0:31  Drone x2  
  16  0:49  Hatchery  
  15  0:53  Extractor  
  14  1:08  Spawning Pool  
  14  1:09  Drone  
  14  1:13  Drone  
  14  1:15  Drone  
  16  1:23  Drone  
  17  1:31  Drone  
  18  1:41  Overlord  
  18  1:55  Queen  
  18  1:57  Zergling x2  
  18  1:59  Metabolic Boost  
  21  2:04  Queen  
  23  2:12  Zergling x2  
  23  2:13  Zergling x2  
  25  2:21  Drone x2  
  27  2:26  Baneling Nest  
  26  2:34  Zergling x4  
  28  2:42  Zergling x2  
  28  2:43  Zergling x2  
  30  2:49  Overlord  
  30  2:51  Zergling x2  
  30  2:55  Zergling x2  
  32  3:07  Zergling x8  
  36  3:20  Zergling x4  
  38  3:27  Baneling  
  38  3:28  Baneling x6  
  37  3:36  Zergling x6  
  37  3:38  Zergling x2  
  40  3:42  Zergling x2  
  40  3:48  Zergling x2  
  40  3:49  Zergling x2  
  40  3:52  Zergling x2  
  41  4:02  Zergling x4  
  39  4:03  Zergling x2  
  39  4:06  Zergling x2  
  39  4:07  Zergling x2  
  42  4:14  Baneling x3  
  42  4:15  Baneling  
Show
View Real Time Build Order
Export as new Build Order

kenshin Protoss 

Build Orders: 1 Gate Expand 

Get SALT Encoding   

  12  0:01  Probe  
  13  0:13  Probe  
  14  0:20  Pylon  
  14  0:25  Probe  
  15  0:38  Probe  
  16  0:47  Gateway  
  16  0:50  Probe (Chrono Boost)  
  17  1:00  Probe (Chrono Boost)  
  18  1:04  Assimilator  
  18  1:05  Probe (Chrono Boost)  
  19  1:30  Nexus  
  19  1:41  Cybernetics Core  
  19  1:43  Probe  
  20  1:52  Pylon  
  20  1:55  Probe  
  21  2:01  Assimilator  
  21  2:07  Probe  
  22  2:19  Probe (Chrono Boost)  
  23  2:26  Warp Gate (Chrono Boost)  
  23  2:27  Stalker (Chrono Boost)  
  26  2:31  Probe (Chrono Boost)  
  26  2:36  Probe (Chrono Boost)  
  25  2:42  Gateway  
  26  2:46  Probe  
  26  2:51  Probe, Robotics Facility  
  27  2:58  Probe  
  29  3:02  Sentry (Chrono Boost)  
  29  3:03  Probe  
  32  3:10  Probe  
  33  3:15  Probe  
  33  3:16  Shield Battery  
  34  3:22  Probe  
  34  3:24  Pylon  
  35  3:28  Probe  
  36  3:34  Probe  
  36  3:40  Probe  
  40  3:46  Probe  
  43  3:52  Probe  
  44  3:58  Probe  
  45  4:02  Stalker (Chrono Boost)  
  45  4:04  Probe  
  46  4:14  Probe, Pylon  
  46  4:16  Pylon  
  46  4:17  Pylon  
  46  4:19  Probe  
Tags
 
Add a new tag
Caveats
  • Supply blocks, unpowered buildings, or Contaminate may cause inaccurate times.
  • Supply counts are checked every 10 seconds.